[Event "Titled Tuesday Blitz March 28 Late 2023"]
[White "Krstulovic, Alex"]
[Black "Skaric, Djuro"]
[WhiteFideId "760056"]
[BlackFideId "934569"]
[WhiteElo "2311"]
[BlackElo "2282"]
[Result "0-1"]
[Round "07"]
[TimeControl "180+2"]
[Date "2023.03.28"]
[WhiteClock "0:00:11"]
[BlackClock "0:00:21"]

1. e4 d6 2. d4 g6 3. Nc3 Bg7 4. g3 Nf6 5. Bg2 O-O 6. Nge2 Nc6 7. h3 e5 8. Be3 Nd7 9. dxe5 dxe5 10. O-O Nb6 11. b3 Nd4 12. a4 Be6 13. a5 Nxe2+ 14. Qxe2 Nd7 15. a6 b6 16. Rfd1 c6 17. Na4 Qc7 18. c4 f5 19. Bc1 f4 20. Ba3 Rf7 21. Rd6 Re8 22. h4 Bf8 23. Rd3 Nf6 24. Bxf8 Rexf8 25. Kh2 fxg3+ 26. fxg3 Ng4+ 27. Kg1 Rf2 28. Qe1 Qf7 29. Nc3 Rb2 30. Nd1 Rc2 31. Ne3 Nxe3 32. Rxe3 Qf2+ 33. Qxf2 Rfxf2 34. Bf1 c5 35. Rd1 Rf8 36. Re2 Rxe2 37. Bxe2 Kf7 38. b4 cxb4 39. Rb1 Rc8 40. Rxb4 Rc5 41. Ra4 Ke7 42. Kf2 Bd7 43. Ra1 Bc8 44. Ke3 Kd6 45. Rd1+ Kc7 46. Ra1 Ra5 47. Rf1 Bxa6 48. Rf7+ Kb8 49. Rxh7 Ra3+ 50. Kf2 Ra2 51. Ke3 Ra3+ 52. Kf2 Ra2 53. Ke3 Rb2 54. Rg7 Bb7 55. Rxg6 a5 56. h5 Bxe4 57. Kxe4 Rxe2+ 58. Kd5 Kb7 59. h6 Rh2 60. Rg7+ Ka6 61. h7 a4 62. g4 a3 63. g5 a2 64. g6 a1=Q 65. Rg8 Qd4+ 66. Ke6 Qxc4+ 67. Kf6 Qc6+ 68. Kg7 Qd7+ 69. Kf6 Rf2+ 70. Kg5 Qe7+ 71. Kh6 Rh2# 0-1


[Site "https://www.chess.com"]

[Event "Titled Tuesday Blitz March 28 Late 2023"]
[White "Graif, William"]
[Black "Zampronha, Wladimir Camilo"]
[WhiteFideId "2609835"]
[BlackFideId "2103087"]
[WhiteElo "2205"]
[BlackElo "2176"]
[Result "1-0"]
[Round "07"]
[TimeControl "180+2"]
[Date "2023.03.28"]
[WhiteClock "0:00:19"]
[BlackClock "0:00:04"]

1. e4 c5 2. Nc3 Nc6 3. Bb5 e6 4. Bxc6 bxc6 5. d3 d5 6. f4 Nf6 7. Nf3 Be7 8. e5 Nd7 9. O-O O-O 10. Qd2 Re8 11. Kh1 f6 12. b3 fxe5 13. fxe5 Rf8 14. Bb2 Qc7 15. Na4 Ba6 16. c4 d4 17. Rfe1 Rf5 18. Qe2 Raf8 19. Ba3 Qa5 20. Qc2 Nb6 21. h3 Nxa4 22. bxa4 Qd8 23. Qe2 Qe8 24. Qe4 Qh5 25. Nxd4 Rf4 26. Qe2 Qh4 27. Nxe6 Rf2 28. Qg4 Qxg4 29. hxg4 Rb8 30. Rab1 Rxb1 31. Rxb1 Rxa2 32. Bxc5 1-0


[Site "https://www.chess.com"]

[Event "Titled Tuesday Blitz March 28 Late 2023"]
[White "Jimenez, Joaquin"]
[Black "Estrada Nieto, Julian"]
[WhiteFideId "109860"]
[BlackFideId "5101018"]
[WhiteElo "2163"]
[BlackElo "2176"]
[Result "0-1"]
[Round "07"]
[TimeControl "180+2"]
[Date "2023.03.28"]
[WhiteClock "0:01:19"]
[BlackClock "0:00:45"]

1. c4 e5 2. Nc3 Nf6 3. Nf3 Nc6 4. g3 Bb4 5. Bg2 Bxc3 6. dxc3 d6 7. Qc2 O-O 8. O-O Be6 9. Bg5 Bxc4 10. Rfe1 h6 11. Bxf6 Qxf6 12. Nd2 Be6 13. Ne4 Qe7 14. Rad1 d5 15. Nd2 Rad8 16. Nf3 Bg4 17. Nh4 Rfe8 18. Bxd5 Nd4 19. Bxf7+ Qxf7 20. cxd4 exd4 21. Kg2 b6 22. h3 Bc8 23. Nf3 Bb7 24. b3 c5 25. Qd2 Rf8 26. Qd3 Rd6 27. b4 Rf6 28. bxc5 bxc5 29. Rc1 Bxf3+ 30. exf3 Rxf3 31. Qc4 Rxf2+ 32. Kg1 Qxc4 33. Rxc4 Rxa2 34. Rxc5 Rf3 35. Rd5 Rxg3+ 36. Kf1 d3 37. Rd1 Rxh3 38. Kg1 Kh7 39. R5xd3 Rxd3 40. Rxd3 a5 41. Rd7 a4 42. Ra7 Kg6 43. Kh1 h5 44. Kg1 Kh6 45. Kh1 g6 46. Kg1 Kg5 47. Ra6 h4 48. Kh1 Kh5 49. Ra8 g5 50. Rc8 a3 51. Kg1 Rb2 0-1


[Site "https://www.chess.com"]

[Event "Titled Tuesday Blitz March 28 Late 2023"]
[White "Lalanne, Pablo"]
[Black "Golubev, Mikhail"]
[WhiteFideId "112151"]
[BlackFideId "14100983"]
[WhiteElo "2120"]
[BlackElo "2374"]
[Result "0-1"]
[Round "07"]
[TimeControl "180+2"]
[Date "2023.03.28"]
[WhiteClock "0:00:03"]
[BlackClock "0:00:02"]

1. e4 c5 2. Nf3 d6 3. d4 cxd4 4. Nxd4 Nf6 5. Nc3 Nc6 6. Bc4 e6 7. Bb3 a6 8. Be3 Qc7 9. Qe2 Na5 10. O-O-O b5 11. f3 Nd7 12. Kb1 Nc5 13. Qf2 Bd7 14. g4 Rc8 15. Rc1 Nc4 16. g5 Be7 17. h4 Nxe3 18. Qxe3 b4 19. Nce2 a5 20. c3 bxc3 21. Nxc3 Qb7 22. h5 a4 23. Bc4 Rb8 24. Rh2 O-O 25. f4 Qb4 26. Bf1 a3 27. b3 e5 28. Nf5 Bxf5 29. exf5 Qxf4 30. Qxf4 exf4 0-1


[Site "https://www.chess.com"]

[Event "Titled Tuesday Blitz March 28 Late 2023"]
[White "sebastianmarinp"]
[Black "Gasparyan, David"]
[BlackFideId "13311980"]
[WhiteElo "2290"]
[BlackElo "2464"]
[Result "1-0"]
[Round "07"]
[TimeControl "180+2"]
[Date "2023.03.28"]
[WhiteClock "0:01:36"]
[BlackClock "0:01:54"]

1. e4 c5 2. Nf3 e6 3. d4 cxd4 4. Nxd4 a6 5. Bd3 Qc7 6. c4 Nc6 7. Nxc6 dxc6 8. O-O Bd6 9. f4 Ne7 10. Kh1 O-O 11. Nc3 b5 12. e5 Bc5 13. Ne4 Ba7 14. Nf6+ gxf6 15. Bxh7+ Kxh7 16. Qh5+ Kg8 17. exf6 Nf5 18. Qg5+ Kh7 19. Rf3 Bf2 20. Rh3+ Nh4 21. Qg7# 1-0


[Site "https://www.chess.com"]

[Event "Titled Tuesday Blitz March 28 Late 2023"]
[White "Ardila, Oscar Humberto"]
[Black "Romero Pallares, Daniel"]
[WhiteFideId "4404742"]
[BlackFideId "32025637"]
[WhiteElo "1911"]
[BlackElo "2195"]
[Result "0-1"]
[Round "07"]
[TimeControl "180+2"]
[Date "2023.03.28"]
[WhiteClock "0:00:06"]
[BlackClock "0:00:31"]

1. d4 g6 2. c4 Bg7 3. Nf3 d6 4. Nc3 e5 5. dxe5 dxe5 6. Qc2 Nc6 7. e3 Bf5 8. Qb3 Nge7 9. Be2 O-O 10. O-O e4 11. Rd1 Qc8 12. Nd4 Rd8 13. Nxf5 Rxd1+ 14. Qxd1 Qxf5 15. Nd5 Qe5 16. Nxe7+ Qxe7 17. Qc2 Nb4 18. Qb3 Rd8 19. a3 Nd3 20. Qc2 Qh4 21. Bf1 Ne1 22. Qe2 Nd3 23. Qc2 Be5 24. g3 Qg4 25. Qe2 Qf5 26. Rb1 h5 27. b4 h4 28. Bg2 h3 29. Bf1 Bf6 30. Bd2 Ne5 31. Kh1 Qf3+ 32. Qxf3 Nxf3 33. Be1 Nxe1 34. Rxe1 Rd2 35. Kg1 Bb2 36. Bxh3 Bxa3 37. Rf1 Bxb4 38. Kg2 a5 39. Rb1 c5 40. Bg4 a4 41. Bd1 a3 42. Bb3 Bc3 43. Rc1 Be5 44. h3 a2 45. Bxa2 Rxa2 46. Rd1 Bg7 47. Rd5 b6 48. Rd8+ Bf8 49. Re8 Kg7 50. Rb8 Rb2 51. g4 Rb4 52. Re8 Rxc4 53. f3 Rc2+ 54. Kg3 exf3 55. Kxf3 b5 56. h4 b4 57. Rb8 c4 58. Ke4 b3 59. g5 b2 60. Rb7 c3 61. Kd3 Rc1 62. e4 b1=Q+ 63. Rxb1 Rxb1 0-1


[Site "https://www.chess.com"]

[Event "Titled Tuesday Blitz March 28 Late 2023"]
[White "Vivas Zamora, Fabian Ernesto"]
[Black "Estremera Panos, Sergio"]
[WhiteFideId "3902480"]
[BlackFideId "2200864"]
[WhiteElo "2262"]
[BlackElo "2253"]
[Result "0-1"]
[Round "07"]
[TimeControl "180+2"]
[Date "2023.03.28"]
[WhiteClock "0:00:02"]
[BlackClock "0:01:42"]

1. e4 c5 2. Nc3 Nc6 3. Bb5 Nd4 4. Nf3 e6 5. O-O a6 6. Bd3 Nf6 7. Nxd4 cxd4 8. Ne2 d5 9. e5 Nd7 10. f4 Bc5 11. a3 O-O 12. b4 Ba7 13. Bb2 f6 14. Bxd4 Bxd4+ 15. Nxd4 fxe5 16. fxe5 Nxe5 17. Bxh7+ Kxh7 18. Qh5+ Kg8 19. Qxe5 Bd7 20. Rxf8+ Qxf8 21. Nxe6 Qe7 22. Re1 Re8 23. Nc5 Qxe5 24. Rxe5 Rxe5 25. Nxd7 Re2 26. d4 Rxc2 27. Nb6 Ra2 28. a4 Rd2 29. Nxd5 Rxd4 30. Nc3 Rxb4 31. a5 Rb3 32. Ne4 Rb5 33. Nd6 Rxa5 34. Nxb7 Rb5 35. Nd6 Rd5 36. Nc8 Kf7 37. Nb6 Rb5 38. Nc4 Ke6 39. Kf2 a5 40. Ke3 a4 41. Kd4 Rb1 42. Na3 Rb2 0-1


[Site "https://www.chess.com"]

[Event "Titled Tuesday Blitz March 28 Late 2023"]
[White "Wu, Sibo"]
[Black "Kozin, Yuri"]
[WhiteFideId "8606048"]
[BlackFideId "4129920"]
[WhiteElo "2279"]
[BlackElo "2427"]
[Result "1-0"]
[Round "07"]
[TimeControl "180+2"]
[Date "2023.03.28"]
[WhiteClock "0:00:09"]
[BlackClock "0:00:09"]

1. d4 d5 2. Bf4 Nf6 3. e3 e6 4. Nf3 Bd6 5. Bg3 O-O 6. Nbd2 b6 7. c3 c5 8. Bd3 Ba6 9. Bxa6 Nxa6 10. Ne5 Nb8 11. O-O Qc7 12. f4 Nc6 13. Qf3 Nd7 14. Nxc6 Qxc6 15. e4 cxd4 16. cxd4 Bb4 17. Rac1 Qb5 18. Nb3 dxe4 19. Qxe4 Nf6 20. Qf3 Qf5 21. a3 Bd6 22. Nd2 Rad8 23. Bh4 Be7 24. Rc7 Rxd4 25. Rxe7 Rxd2 26. Qc3 Rc2 27. Qd4 Nd5 28. Rxa7 Qg4 29. Bg3 h5 30. Rf2 Rc1+ 31. Rf1 Rxf1+ 32. Kxf1 h4 33. Bf2 Nxf4 34. g3 Qe2+ 35. Kg1 Nh3+ 36. Kg2 Nxf2 37. Qxf2 h3+ 38. Kg1 Qe4 39. Rd7 Rc8 40. Qxf7+ Kh8 41. Qxg7# 1-0


[Site "https://www.chess.com"]

[Event "Titled Tuesday Blitz March 28 Late 2023"]
[White "Prieto Aranguren, Alain"]
[Black "reevecanada"]
[WhiteFideId "2268906"]
[WhiteElo "2209"]
[BlackElo "2419"]
[Result "0-1"]
[Round "07"]
[TimeControl "180+2"]
[Date "2023.03.28"]
[WhiteClock "0:01:45"]
[BlackClock "0:01:34"]

1. d3 d5 2. Nf3 Nf6 3. Bg5 c5 4. Nc3 e6 5. e4 d4 6. Nb1 Be7 7. Nbd2 O-O 8. Nc4 Nc6 9. a4 a6 10. a5 Nd7 11. Bxe7 Qxe7 12. h3 e5 13. Nfd2 Rd8 14. Qh5 Rb8 15. Be2 b5 16. axb6 Nxb6 17. Nxb6 Rxb6 18. Nc4 Rb8 19. Bg4 f6 20. Bxc8 Rdxc8 21. O-O a5 22. f4 exf4 23. Rxf4 Ne5 24. Nxe5 fxe5 25. Rf5 Rxb2 26. Rxe5 Qd7 27. Rd5 Qc7 28. Qf5 Rf8 29. Qe6+ Kh8 30. Rf1 Rxf1+ 31. Kxf1 Qf4+ 0-1


[Site "https://www.chess.com"]

[Event "Titled Tuesday Blitz March 28 Late 2023"]
[White "Fernandez Sanchez, Mario Andres"]
[Black "Torrente, Alejandro Josue"]
[WhiteFideId "6501621"]
[BlackFideId "4437969"]
[WhiteElo "2050"]
[BlackElo "2025"]
[Result "1-0"]
[Round "07"]
[TimeControl "180+2"]
[Date "2023.03.28"]
[WhiteClock "0:00:29"]
[BlackClock "0:00:01"]

1. d4 d5 2. Bf4 Nf6 3. e3 c5 4. Nd2 cxd4 5. exd4 Qb6 6. Nb3 Bg4 7. Nf3 Nc6 8. c3 a5 9. a4 Bxf3 10. gxf3 e6 11. Bb5 Be7 12. Rg1 Nh5 13. Qd2 Qd8 14. Be3 O-O 15. Qd3 Bd6 16. O-O-O Qh4 17. Nd2 Nf4 18. Qf1 Qxh2 19. Rg4 Rac8 20. Kb1 h5 21. Rg3 Qh4 22. Qg1 g6 23. Qh1 Qxh1 24. Rxh1 Kh7 25. Rg5 Ne7 26. Rg4 Kg7 27. Rxf4 Bxf4 28. Bxf4 Nf5 29. Re1 Rfd8 30. Be5+ Kh6 31. Bd3 Nh4 32. Bf6 Nf5 33. Bxd8 Rxd8 34. f4 h4 35. Nf3 Kh5 36. Rh1 Kg4 37. Ne5+ Kxf4 38. Nxf7 Rg8 39. Ne5 g5 40. f3 Ng3 41. Re1 h3 42. Ng4 Rh8 43. Nh2 Nf5 44. Rxe6 Kg3 45. Re2 1-0


[Site "https://www.chess.com"]

[Event "Titled Tuesday Blitz March 28 Late 2023"]
[White "Lorenzo De La Riva, Lazaro"]
[Black "Muhammad, Shahzeb"]
[WhiteFideId "2268809"]
[BlackFideId "7804806"]
[WhiteElo "2294"]
[BlackElo "2271"]
[Result "1-0"]
[Round "07"]
[TimeControl "180+2"]
[Date "2023.03.28"]
[WhiteClock "0:00:27"]
[BlackClock "0:00:09"]

1. d4 Nf6 2. Bf4 e6 3. e3 d5 4. Nd2 Bd6 5. Qf3 Nbd7 6. Bxd6 cxd6 7. c3 O-O 8. Qg3 e5 9. Bd3 Rb8 10. Ne2 b5 11. a3 a5 12. O-O Qc7 13. Rfc1 Re8 14. Qh4 Nf8 15. Ng3 Ng6 16. Bxg6 hxg6 17. Ne2 Bg4 18. Ng3 Qd7 19. h3 Be6 20. Ngf1 Nh7 21. Qg3 Bf5 22. Nf3 Nf6 23. N1d2 Ne4 24. Nxe4 dxe4 25. Nd2 f6 26. Rd1 Qf7 27. f3 exf3 28. Qxf3 d5 29. Nb3 Bc2 30. Nc5 Bxd1 31. Rxd1 e4 32. Qg3 b4 33. axb4 axb4 34. cxb4 Rxb4 35. b3 Rc8 36. Ra1 Qc7 37. Qxg6 Rb5 38. Rc1 Qf7 39. Qf5 Rc7 40. Ra1 Rb8 41. Ra6 Re8 42. Ne6 Rc1+ 43. Kh2 Qd7 44. Qg4 Rc2 45. Nf4 Qxg4 46. hxg4 Rd8 47. Ra7 Rc3 48. Ne6 Rd6 49. Nxg7 Rxb3 50. Nf5 Rd8 51. Rg7+ Kh8 52. Rg6 Rb6 53. g5 fxg5 54. Rxb6 Rf8 55. Ne7 Rf2 56. Nxd5 Re2 57. Re6 Kg7 58. Rxe4 Kg6 59. Re5 Kh5 60. Kg3 Re1 61. Nf6+ Kg6 62. Ng4 Ra1 63. d5 Ra3 64. d6 Kf7 65. d7 Kg6 66. d8=Q Rxe3+ 67. Rxe3 Kh5 68. Qh8+ Kg6 69. Qf6+ Kh7 70. Re7+ Kg8 71. Qg7# 1-0


[Site "https://www.chess.com"]

[Event "Titled Tuesday Blitz March 28 Late 2023"]
[White "OKEKE, Isaac Chukwudalu"]
[Black "Przybylski, Wojciech"]
[WhiteFideId "8508526"]
[BlackFideId "1117599"]
[WhiteElo "2161"]
[BlackElo "2222"]
[Result "1-0"]
[Round "07"]
[TimeControl "180+2"]
[Date "2023.03.28"]
[WhiteClock "0:00:16"]
[BlackClock "0:00:01"]

1. e4 e5 2. Nf3 Nf6 3. Nxe5 d6 4. Nf3 Nxe4 5. Nc3 Nxc3 6. dxc3 Be7 7. Be3 O-O 8. Qd2 Nd7 9. O-O-O Ne5 10. Nxe5 dxe5 11. Qxd8 Rxd8 12. Rxd8+ Bxd8 13. Bc4 Be7 14. Rd1 Bf5 15. Bd5 c6 16. Bc4 Kf8 17. a4 h5 18. h3 h4 19. f3 g5 20. b3 Kg7 21. Kb2 a6 22. a5 Bc8 23. b4 f5 24. Bc5 Kf6 25. Bxe7+ Kxe7 26. Re1 Kf6 27. Rd1 Be6 28. Rd6 Re8 29. Kc1 Kf7 30. Rd7+ Re7 31. Bxe6+ Kxe6 32. Rd8 Rg7 33. Re8+ Kd5 34. Kd2 g4 35. fxg4 fxg4 36. Rh8 gxh3 37. gxh3 Rg2+ 38. Kd1 Kc4 39. Rxh4+ Kxc3 40. Re4 Rd2+ 41. Ke1 Rh2 42. Rxe5 Rxh3 43. Re7 Rh4 44. Rxb7 Rxb4 45. Rb6 Re4+ 46. Kd1 Ra4 47. Rxc6+ Kb4 48. Rxa6 Kb5 49. Ra8 Rd4+ 50. Kc1 Rh4 51. a6 Kb6 52. Kb2 Rb4+ 53. Kc3 Rh4 54. Kb3 Rg4 55. c4 Rg1 56. Kc2 Rg2+ 57. Kc3 Rg1 58. Rb8+ Kxa6 59. Rb2 Rc1+ 60. Kd4 Ka7 61. Kd5 Rd1+ 62. Kc6 Rd8 63. Kc7 Rh8 64. Ra2# 1-0


[Site "https://www.chess.com"]

[Event "Titled Tuesday Blitz March 28 Late 2023"]
[White "Nikolova, Adriana"]
[Black "Kiselev, Pavel"]
[WhiteFideId "2908689"]
[BlackFideId "4191102"]
[WhiteElo "2213"]
[BlackElo "2145"]
[Result "1-0"]
[Round "07"]
[TimeControl "180+2"]
[Date "2023.03.28"]
[WhiteClock "0:01:19"]
[BlackClock "0:00:47"]

1. d4 Nf6 2. Bf4 d5 3. e3 Bf5 4. Nd2 e6 5. c3 Bd6 6. Bg3 c5 7. Ngf3 Nc6 8. Ne5 Bxe5 9. dxe5 Nd7 10. f4 O-O 11. Nf3 a6 12. Bd3 Bxd3 13. Qxd3 c4 14. Qc2 Nc5 15. O-O Nd3 16. Ne1 Nc5 17. Rd1 b5 18. f5 Qb6 19. Kh1 Ne4 20. Rf3 Rad8 21. f6 g6 22. Bf4 a5 23. Rh3 b4 24. Qe2 bxc3 25. bxc3 Qc7 26. Nf3 Nxc3 27. Qe1 Nxd1 28. Rxh7 Qb6 29. Rg7+ Kh8 30. Qh4# 1-0


[Site "https://www.chess.com"]

[Event "Titled Tuesday Blitz March 28 Late 2023"]
[White "Mendez Machado, Andre"]
[Black "Buchenau, Frank"]
[WhiteFideId "6603793"]
[BlackFideId "4604350"]
[WhiteElo "1984"]
[BlackElo "2157"]
[Result "0-1"]
[Round "07"]
[TimeControl "180+2"]
[Date "2023.03.28"]
[WhiteClock "0:00:17"]
[BlackClock "0:00:41"]

1. e4 e6 2. d4 d5 3. Nd2 c5 4. exd5 Qxd5 5. Ngf3 cxd4 6. Bc4 Qd6 7. O-O Nf6 8. Re1 Nc6 9. Nb3 a6 10. Nbxd4 Nxd4 11. Nxd4 Qc7 12. Qd3 b5 13. Bxe6 fxe6 14. Nxe6 Bxe6 15. Rxe6+ Kf7 16. Re1 Rd8 17. Qf3 Be7 18. Bf4 Qa7 19. Qb3+ Rd5 20. a4 b4 21. Rad1 Rd8 22. Re5 Qa8 23. Rde1 Bd6 24. Rxd5 Qxd5 25. Qg3 Nh5 26. Qh4 Nxf4 27. f3 Qd2 0-1


[Site "https://www.chess.com"]

[Event "Titled Tuesday Blitz March 28 Late 2023"]
[White "ritanovikova"]
[Black "sissahungrychess"]
[WhiteElo "2226"]
[BlackElo "2386"]
[Result "0-1"]
[Round "07"]
[TimeControl "180+2"]
[Date "2023.03.28"]
[WhiteClock "0:00:15"]
[BlackClock "0:00:15"]

1. e4 c5 2. Nc3 Nc6 3. d3 g6 4. Be3 d6 5. Qd2 Rb8 6. g3 b5 7. Bg2 b4 8. Nd1 Bg7 9. h4 h6 10. f4 a5 11. h5 Bg4 12. hxg6 fxg6 13. Nf2 Be6 14. c3 bxc3 15. bxc3 Qb6 16. d4 cxd4 17. cxd4 Bxd4 18. Bxd4 Qxd4 19. Qxd4 Nxd4 20. O-O-O Rc8+ 21. Kb1 Nc2 22. Bf3 Nf6 23. Rd2 Na3+ 24. Ka1 Rc3 25. Kb2 Re3 26. Rd3 Nc4+ 27. Kc3 Rxd3+ 28. Nxd3 Nb6 29. Kb2 Bc4 30. Nc1 Kf7 31. Nge2 Rb8 32. Kc3 h5 33. Nd4 Rc8 34. Kd2 e5 35. fxe5 dxe5 36. Ndb3 a4 37. Na5 Ba6 38. Be2 Nxe4+ 39. Ke3 Nxg3 40. Rg1 Nxe2 41. Nxe2 Rc5 42. Nb3 axb3 43. axb3 Nd5+ 44. Kd2 Nf4 45. Nc3 Rc7 46. Ne4 Rd7+ 47. Ke3 Bb7 48. Ng5+ Kf6 49. Nf3 Rd3+ 50. Kf2 Rxf3+ 51. Ke1 Rxb3 52. Kd2 Be4 53. Rg3 Rxg3 0-1


[Site "https://www.chess.com"]

[Event "Titled Tuesday Blitz March 28 Late 2023"]
[White "Araujo, Everson De Moura"]
[Black "ArturoCaceres"]
[WhiteFideId "22737197"]
[WhiteElo "2035"]
[BlackElo "2383"]
[Result "0-1"]
[Round "07"]
[TimeControl "180+2"]
[Date "2023.03.28"]
[WhiteClock "0:00:03"]
[BlackClock "0:01:02"]

1. d4 Nf6 2. Nc3 d5 3. Bf4 a6 4. e3 e6 5. Nf3 Bb4 6. Qd3 c5 7. dxc5 Nbd7 8. O-O-O Qa5 9. Bd6 Nxc5 10. Qd4 Bxc3 11. Qxc5 Qxc5 12. Bxc5 Ba5 13. c4 Bd7 14. Bd6 Rc8 15. c5 Bb4 16. Kb1 Bxc5 17. Bxc5 Rxc5 18. Ne5 Ke7 19. Nd3 Rc7 20. f3 Rhc8 21. Nb4 a5 22. Nd3 Bb5 23. Be2 b6 24. Rhe1 Bxd3+ 25. Bxd3 e5 26. Bf5 Rd8 27. h4 g6 28. Bc2 h5 0-1


[Site "https://www.chess.com"]

[Event "Titled Tuesday Blitz March 28 Late 2023"]
[White "Bouget, Alexandre"]
[Black "Svicevic, Rastko"]
[WhiteFideId "681318"]
[BlackFideId "916315"]
[WhiteElo "2177"]
[BlackElo "2071"]
[Result "0-1"]
[Round "07"]
[TimeControl "180+2"]
[Date "2023.03.28"]
[WhiteClock "0:00:01"]
[BlackClock "0:00:08"]

1. Nc3 c6 2. e4 d5 3. Nf3 g6 4. d3 Bg7 5. Be2 Bg4 6. O-O Nf6 7. e5 Nfd7 8. d4 O-O 9. Ng5 Bxe2 10. Qxe2 e6 11. Qg4 h6 12. Nh3 c5 13. f4 cxd4 14. Nb5 d3 15. Be3 dxc2 16. Rac1 Nc6 17. Rxc2 a6 18. Nd6 d4 19. Bf2 d3 20. Rd2 Qa5 21. Rfd1 Ndxe5 22. Qg3 Qxa2 23. fxe5 Bxe5 24. Qxd3 Rad8 25. Qe3 Bg7 26. Nxb7 Rb8 27. Nd6 Rxb2 28. Rxb2 Qxb2 29. Ne4 Ne5 30. Nf4 Ng4 31. Qf3 Nxf2 32. Qxf2 Qb4 33. Ng3 a5 34. Nge2 a4 35. Nd3 Qb5 36. Qc5 Qb3 37. Qc1 a3 38. Nc5 Qb6 39. Kh1 a2 40. Qa3 a1=Q 41. Rxa1 Bxa1 42. Qxa1 Qxc5 43. Qf1 Rc8 44. h3 Qc4 45. Kh2 Rd8 46. Qf6 Qc7+ 47. Ng3 Ra8 48. h4 Ra3 49. Qf2 Qxg3+ 50. Qxg3 Rxg3 51. Kxg3 Kg7 52. Kg4 f5+ 53. Kf4 Kf6 54. h5 e5+ 55. Kf3 g5 56. g4 e4+ 57. Kg3 f4+ 0-1


[Site "https://www.chess.com"]

[Event "Titled Tuesday Blitz March 28 Late 2023"]
[White "Guzman Moneo, Alberto"]
[Black "Manu_ChessExcelsior"]
[WhiteFideId "2209616"]
[WhiteElo "2157"]
[BlackElo "2113"]
[Result "1-0"]
[Round "07"]
[TimeControl "180+2"]
[Date "2023.03.28"]
[WhiteClock "0:00:47"]
[BlackClock "0:00:05"]

1. e4 c5 2. Nc3 Nc6 3. Bb5 Nd4 4. Nf3 Nxb5 5. Nxb5 a6 6. Nc3 g6 7. d4 d6 8. dxc5 dxc5 9. Qxd8+ Kxd8 10. Be3 e6 11. O-O-O+ Ke8 12. Na4 Nf6 13. Bg5 Nd7 14. Ne5 Be7 15. Bxe7 Kxe7 16. Nxd7 Bxd7 17. Nxc5 Bc6 18. f3 Rac8 19. Rd2 f5 20. exf5 exf5 21. Re1+ Kf6 22. h4 Rhe8 23. Rxe8 Rxe8 24. Nd7+ Kg7 25. c3 Re7 26. Nc5 Re1+ 27. Kc2 Rh1 28. Ne6+ Kf6 29. Nd8 Bb5 30. Nxb7 Rxh4 31. Nd6 Bc6 32. b3 Rh2 33. c4 h5 34. b4 h4 35. b5 axb5 36. cxb5 1-0


[Site "https://www.chess.com"]

[Event "Titled Tuesday Blitz March 28 Late 2023"]
[White "Matute Escobar, Roxanny"]
[Black "Torres Boch, Jose Francisco"]
[WhiteFideId "3926028"]
[BlackFideId "2278383"]
[WhiteElo "1732"]
[BlackElo "2073"]
[Result "0-1"]
[Round "07"]
[TimeControl "180+2"]
[Date "2023.03.28"]
[WhiteClock "0:00:02"]
[BlackClock "0:00:09"]

1. e4 c5 2. Nf3 d6 3. d4 cxd4 4. Nxd4 Nf6 5. Nc3 a6 6. Be3 e5 7. Nb3 Be7 8. f3 Be6 9. Qd2 h5 10. O-O-O Nbd7 11. Kb1 b5 12. h3 h4 13. f4 exf4 14. Bxf4 Ne5 15. Nd5 Nxe4 16. Qe3 Bxd5 17. Rxd5 Nf6 18. Rd1 Qc7 19. Nd4 Nd5 20. Qe4 Nb6 21. Nf5 O-O 22. Bxe5 dxe5 23. Bd3 g6 24. Nxh4 Bxh4 25. Qxh4 Qd8 26. Qh6 Qf6 27. Rhf1 Qg7 28. Qe3 Nd5 29. Qf3 Nf4 30. Be4 Rad8 31. g3 Ne6 32. c3 Ng5 33. Qe3 Nxe4 34. Qxe4 f5 35. Qc6 e4 36. Qe6+ Qf7 37. Qb6 Rb8 38. Qc6 Rbc8 39. Qb6 Rb8 40. Qe3 Rfd8 41. Qg5 Qe8 42. g4 e3 43. Rxd8 Rxd8 44. Re1 e2 45. Kc2 Qe4+ 46. Kb3 Rd1 47. Qxg6+ Kf8 48. Qf6+ Ke8 49. Qh8+ Ke7 50. Qg7+ Ke6 51. Qg8+ Ke5 52. Qe8+ Kf4 53. Qb8+ Kf3 54. Rxe2 Qxe2 55. gxf5 Qc4+ 56. Ka3 Qa4# 0-1


[Site "https://www.chess.com"]

[Event "Titled Tuesday Blitz March 28 Late 2023"]
[White "Oliveira, Tiago Batista"]
[Black "micke12a"]
[WhiteFideId "2108291"]
[WhiteElo "1962"]
[BlackElo "2320"]
[Result "0-1"]
[Round "07"]
[TimeControl "180+2"]
[Date "2023.03.28"]
[WhiteClock "0:00:56"]
[BlackClock "0:00:50"]

1. d4 Nf6 2. c4 g6 3. Nc3 d5 4. cxd5 Nxd5 5. e4 Nxc3 6. bxc3 Bg7 7. Be3 c5 8. Rc1 Qa5 9. Qd2 O-O 10. d5 b6 11. c4 Qxd2+ 12. Kxd2 f5 13. f3 e6 14. Bd3 Rd8 15. Bg5 Rd6 16. Be7 Rd7 17. Bh4 exd5 18. cxd5 Ba6 19. Bc2 fxe4 20. Bxe4 Bh6+ 21. Kc2 Bxc1 22. Kxc1 Bb7 23. Ne2 Na6 24. Rd1 Nb4 25. Nc3 Kg7 26. a3 Na6 27. Bg3 Re8 28. Nb5 c4 29. Be1 Nc5 30. Bc3+ Kg8 31. Rd4 Nb3+ 32. Kc2 Nxd4+ 33. Bxd4 Bxd5 0-1


[Site "https://www.chess.com"]

[Event "Titled Tuesday Blitz March 28 Late 2023"]
[White "Shkuran, Danylo"]
[Black "Aung Thant Zin"]
[WhiteFideId "14106248"]
[BlackFideId "13000063"]
[WhiteElo "2427"]
[BlackElo "2278"]
[Result "1/2-1/2"]
[Round "07"]
[TimeControl "180+2"]
[Date "2023.03.28"]
[WhiteClock "0:00:04"]
[BlackClock "0:00:18"]

1. g3 d5 2. Bg2 e6 3. Nf3 Nf6 4. O-O Be7 5. d3 O-O 6. Nbd2 c5 7. b3 Nc6 8. Bb2 b6 9. Re1 Bb7 10. e4 Rc8 11. c4 Nb4 12. Nf1 dxc4 13. dxc4 Bxe4 14. Bxf6 Bxf3 15. Qxd8 Bxd8 16. Bxd8 Bxg2 17. Be7 Rfe8 18. Kxg2 Rxe7 19. Red1 Nc6 20. Ne3 Nd4 21. Rd3 g6 22. Rad1 Kg7 23. f3 f5 24. Kf2 Kf6 25. f4 g5 26. Ng2 h6 27. h4 e5 28. Ne3 Rg7 29. Nd5+ Ke6 30. fxe5 Kxe5 31. Re1+ Kd6 32. Rde3 Rf8 33. Re7 Rxe7 34. Rxe7 f4 35. hxg5 hxg5 36. Rxa7 b5 37. Rg7 fxg3+ 38. Kg2 bxc4 39. bxc4 Ra8 40. Rg6+ Ke5 41. Rxg5+ Ke4 42. Kxg3 Ra3+ 43. Kg4 Rxa2 44. Nc3+ Kd3 45. Nxa2 Kxc4 46. Nc1 Kc3 47. Kf4 c4 48. Na2+ Kb2 49. Nb4 Ne6+ 50. Kf5 Nxg5 51. Kxg5 Kb3 52. Nd5 Kc2 53. Ne3+ Kd3 54. Nxc4 1/2-1/2


[Site "https://www.chess.com"]

[Event "Titled Tuesday Blitz March 28 Late 2023"]
[White "Pirvulescu, Ekaterina"]
[Black "Santos Flores, Alberto"]
[WhiteFideId "13506374"]
[BlackFideId "3601234"]
[WhiteElo "2006"]
[BlackElo "2235"]
[Result "0-1"]
[Round "07"]
[TimeControl "180+2"]
[Date "2023.03.28"]
[WhiteClock "0:00:06"]
[BlackClock "0:00:25"]

1. e4 c5 2. Nc3 g6 3. f4 Bg7 4. Nf3 Nc6 5. Bb5 Nd4 6. O-O e6 7. e5 a6 8. Bd3 d6 9. Nxd4 cxd4 10. Ne4 dxe5 11. fxe5 Bxe5 12. Qf3 f5 13. Nc5 Qc7 14. Ne4 Nf6 15. Ng5 O-O 16. Re1 Bxh2+ 17. Kh1 e5 18. Qh3 Bf4 19. Qh4 Bxg5 20. Qxg5 e4 21. Be2 Kg7 22. b3 h6 23. Qh4 Qxc2 24. d3 e3 25. Qxd4 Be6 26. Qxe3 Rae8 27. Qxh6+ Kf7 28. Bg5 Rh8 29. Qxh8 Rxh8+ 30. Kg1 Bd5 31. Bxf6 Kxf6 32. Rac1 Qxa2 33. Ra1 Qb2 34. Rab1 Qd4+ 0-1


[Site "https://www.chess.com"]